 Dungeon Crawl Stone Soup version 0.19-a0-644-gd04d753 (webtiles) character file.

912 Stormphoenix the Spear-Bearer (level 7, 0/50 HPs)
             Began as a Demigod Wanderer on June 14, 2016.
             Slain by a slave (5 damage)
             ... led by Pikel
             ... on level 4 of the Dungeon.
             The game lasted 00:09:56 (4540 turns).

Stormphoenix the Spear-Bearer (Demigod Wanderer)    Turns: 4540, Time: 00:09:57

Health: 0/50       AC: 10    Str: 20    XL:     7   Next: 52%
Magic:  9/9        EV:  5    Int: 15    God:
Gold:   172        SH:  8    Dex: 15    Spells: 0 memorised, 6 levels left

rFire  . . .     SeeInvis .     o - +0 trident
rCold  . . .     Gourm    .     p - +0 chain mail
rNeg   . . .     Faith    .     a - +0 shield
rPois  .         Spirit   .     (no helmet)
rElec  .         Dismiss  .     (no cloak)
rCorr  .         Reflect  .     (no gloves)
SustAt +         Harm     .     e - +1 pair of boots
MR     .....                    (no amulet)
Stlth  ..........               (no ring)
                                k - ring of flight

@: not resistant to hostile enchantments, extremely unstealthy
A: high mp 1, sustain attributes
a: Evoke Flight


You were on level 4 of the Dungeon.
You were not hungry.

You visited 1 branch of the dungeon, and saw 4 of its levels.

You collected 172 gold pieces.

Inventory:

Hand Weapons
 o - a +0 trident (weapon)
Armour
 a - a +0 shield (worn)
 e - a +1 pair of boots (worn)
 p - a +0 chain mail (worn)
Jewellery
 k - a ring of flight (left hand)
Wands
 b - a wand of heal wounds (0/9)
 m - a wand of disintegration (10/24)
Scrolls
 d - a scroll of remove curse
 h - a scroll of magic mapping
 j - 2 scrolls of identify
 r - a scroll of enchant armour
Potions
 i - a potion of curing
 n - a potion of cure mutation
Books
 q - the Catalogue of Helpful Damage Dealing
   (You found it on level 4 of the Dungeon)

   Spells                             Type                      Level
   a - Spectral Weapon                Hexes/Charms                 3
   b - Bolt of Draining               Conjuration/Necromancy       5
   c - Bolt of Cold                   Conjuration/Ice              6
   d - Freezing Cloud                 Conjuration/Ice/Air          6
Comestibles
 f - 3 bread rations
 g - a beef jerky
 l - 3 fruits


   Skills:
   Level 1.0 Short Blades
 + Level 8.7 Polearms
 - Level 1.0 Throwing
 - Level 2.6 Dodging
 - Level 1.0 Stealth
 - Level 1.0 Shields


You had 6 spell levels left.
You didn't know any spells.

Dungeon Overview and Level Annotations

Branches:
Dungeon (4/15)
 Temple: D:4-7

Annotations:
D:4 Pikel, Sigmund


Innate Abilities, Weirdness & Mutations

You have an increased reservoir of magic. (+10% MP)
Your attributes are resistant to harm.


Message History

The slave hits you but does no damage.
The quokka bites you but does no damage.
You block the slave's attack. Something hits you but does no damage.
You block the slave's attack. Pikel barely misses you.
You closely miss Pikel.
Pikel is lightly wounded.
The quokka bites you.
* * * LOW HITPOINT WARNING * * *
The slave hits you but does no damage. The slave hits you.
* * * LOW HITPOINT WARNING * * *
The slave hits you but does no damage. You block Pikel's attack.
You closely miss Pikel.
Pikel is lightly wounded.
You block the quokka's attack. Something completely misses you.
You block the slave's attack. The slave barely misses you.
The slave hits you but does no damage. Pikel completely misses you.
You miss Pikel.
Pikel is lightly wounded.
The quokka barely misses you. The slave hits you.
You die...

#.........)...##.....##...
##.......##...##.....##...
#........#...##..........
+........................
#........................
#........................
#....................<...
#+##...pr##..###....##..)
#..pp@##..#####'###...
......{pK#.p...#....#....
...............#....##.>.
..........'.....#....#####
..........#.....#.....#
##.####...############# #.
#...# .....# ....


You could see Pikel, 4 slaves and a quokka.

Vanquished Creatures
  Grinder (D:3)
  A hippogriff (D:4)
  The ghost of epen the Charmwright, an amateur MfSk (D:3)
  A black bear (D:4)
  A hound (D:4)
  An orc wizard (D:4)
  2 orc priests (D:4)
  A giant frog skeleton (D:4)
  Terence (D:3)
  A hound skeleton (D:4)
  4 gnolls
  6 adders
  An ooze (D:3)
  3 worms
  2 dart slugs (D:2)
  3 giant geckos
  8 orcs
  11 goblins
  5 hobgoblins
  3 quokkas
  2 ball pythons
  6 bats
  8 giant newts
  4 kobolds
  5 rats
82 creatures vanquished.

Notes
Turn   | Place    | Note
--------------------------------------------------------------
     0 | D:1      | Stormphoenix the Demigod Wanderer began the quest for the Orb.
     0 | D:1      | Stormphoenix set off with: a +0 shield, a +0 spear, a potion of lignification, a +0 robe, a bread ration
     0 | D:1      | Reached XP level 1. HP: 14/14 MP: 3/3
   218 | D:1      | Reached skill level 3 in Polearms
   733 | D:1      | Reached XP level 2. HP: 20/20 MP: 4/4
  1420 | D:2      | Reached skill level 4 in Polearms
  1420 | D:2      | Reached XP level 3. HP: 8/26 MP: 5/5
  1443 | D:2      | HP: 1/26 [giant newt (1)]
  2612 | D:2      | Reached XP level 4. HP: 25/33 MP: 6/6
  2921 | D:3      | Found a radiant altar of Vehumet.
  2947 | D:3      | Noticed Terence
  2958 | D:3      | Killed Terence
  2958 | D:3      | Reached skill level 5 in Polearms
  3106 | D:3      | Noticed epen's ghost (amateur MfSk)
  3119 | D:3      | Killed epen's ghost
  3119 | D:3      | Reached skill level 6 in Polearms
  3119 | D:3      | Reached XP level 5. HP: 38/38 MP: 7/7
  3188 | D:3      | Noticed Grinder
  3191 | D:3      | Paralysed by Grinder for 2 turns
  3216 | D:3      | Killed Grinder
  3216 | D:3      | Reached skill level 7 in Polearms
  3216 | D:3      | Reached XP level 6. HP: 19/45 MP: 8/8
  3471 | D:3      | Found a stormy altar of Qazlal.
  3521 | D:3      | Found a blossoming altar of Fedhas.
  3804 | D:4      | Identified the Catalogue of Helpful Damage Dealing
  4018 | D:4      | Noticed a hippogriff
  4029 | D:4      | Killed a hippogriff
  4029 | D:4      | Reached skill level 8 in Polearms
  4029 | D:4      | Reached XP level 7. HP: 36/50 MP: 9/9
  4520 | D:4      | Noticed Pikel
  4521 | D:4      | Noticed Sigmund
  4540 | D:4      | Slain by a slave

Vault maps used:
D:1:      evilmike_arrival_rings
D:2:      first_bread
D:3:      grunt_temple_overflow_forces_of_nature,
          nicolae_overflow_crystal_walls, uniq_terence, uniq_grinder
D:4:      uniq_sigmund, uniq_pikel

Skill      XL: |  1  2  3  4  5  6 |
---------------+-------------------+-----
Polearms       | 3 4 6 7 8 |  8.7
Short Blades   | |  1.0
Throwing       | |  1.0
Dodging        | |  2.6
Stealth        | |  1.0
Shields        | |  1.0

Action                   |  1- 3 |  4- 6 |  7- 9 || total
-------------------------+-------+-------+-------++-------
Melee: Spear             |   156 |    26 |       ||   182
       Trident           |       |   105 |    61 ||   166
Evoke: Wand              |       |     2 |       ||     2
  Use: Scroll            |     4 |     4 |     1 ||     9
       Potion            |     2 |     6 |     1 ||     9
 Stab: Sleeping          |     7 |     1 |       ||     8
       Distracted        |     1 |       |       ||     1
  Eat: Chunk             |     5 |     6 |     2 ||    13
Armor: Robe              |    11 |     2 |       ||    13
       Ring mail         |       |     2 |       ||     2
       Chain mail        |       |    26 |    45 ||    71
Dodge: Dodged            |    36 |    22 |    24 ||    82
Block: Shield            |    45 |    47 |    37 ||   129
